AoeStats
← Dinolicious.

Arabia

507721818Analyzed
2v2 RM · 14d ago on Sep 19, 2026· 47m 42s· 4 players
Game mode
Random Map
Map size
Medium (4 player)
Population
200
Speed
Normal
Resources
Standard
Victory
Conquest
Starting age
Dark Age
Ending age
Imperial Age
RankedLock teamsTeams togetherTeam positionsShared explorationLock speedFull tech treeHidden civsTurbo modeCheats
Victory
Defeat
🇩🇪 Khmer · Germany
1080
+14
🇦🇹 Burgundians · Austria
1058
+14
🇫🇷 Inca · France
1035
-14
🇫🇷 Celts · France
1034
-14
Ļﮔ
6:21 Loom
8:56 Feudal Age
7:35 Double-Bit Axe
19:34 Castle Age
17:43 Gold Mining
18:39 Scale Barding Armor
20:08 Forging
22:59 Husbandry
22:25 Cavalier
29:37 Wheelbarrow
39:32 Imperial Age
37:40 Chain Barding Armor
37:30 Fletching
40:04 Iron Casting
39:48 Paladin
Dinolicious.
8:31 Loom
10:36 Feudal Age
14:33 Double-Bit Axe
18:47 Castle Age
27:18 Wheelbarrow
32:36 Hand Cart
32:09 Town Watch
36:48 Imperial Age
33:48 Crossbowman
35:52 Bow Saw
37:10 Fletching
38:16 Bodkin Arrow
38:22 Padded Archer Armor
38:35 Forging
38:45 Gold Mining
39:57 Conscription
39:17 Arbalester
40:03 Bracer
40:19 Leather Archer Armor
40:10 Scale Barding Armor
42:23 Ballistics
43:04 Chemistry
43:47 Heated Shot
44:31 Ring Archer Armor
DraKoJaNe
7:20 Loom
10:30 Feudal Age
10:58 Double-Bit Axe
11:01 Town Watch
13:58 Fletching
14:09 Padded Archer Armor
22:54 Castle Age
21:47 Horse Collar
22:00 Gold Mining
22:05 Stone Mining
24:32 Bow Saw
24:26 Heavy Plow
25:53 Wheelbarrow
30:53 Gold Shaft Mining
30:54 Stone Shaft Mining
35:48 Bodkin Arrow
36:05 Forging
37:54 Hand Cart
38:25 Scale Mail Armor
42:50 Imperial Age
40:34 Squires
40:20 Arson
41:20 Caravan
42:36 Iron Casting
42:27 Chain Mail Armor
42:39 Town Patrol
43:15 Murder Holes
44:17 Bracer
44:41 Conscription
44:24 Fabric Shields
46:30 Leather Archer Armor
47:16 Blast Furnace
46:48 Plate Mail Armor
46:21 Andean Sling
48:09 Chemistry
petitpied69
5:59 Loom
10:46 Feudal Age
10:56 Man-at-Arms
11:24 Double-Bit Axe
15:25 Horse Collar
15:35 Town Watch
21:12 Castle Age
19:52 Gold Mining
22:31 Bow Saw
23:59 Heavy Plow
34:46 Stone Mining
37:01 Ballistics
38:19 Gold Shaft Mining
42:39 Imperial Age
42:00 Stone Shaft Mining
42:41 Heavy Scorpion
43:58 Siege Engineers
44:06 Fletching
45:00 Conscription
46:19 Chemistry
45:25 Murder Holes
46:44 Masonry
Connection lost

Rejoining the realm…

Still unreachable

The connection could not be restored.

Session expired

The server has moved on; the page needs a fresh start.